AoeStats
← ivAN0ViC

Black Forest

506464951Analyzed
1v1 RM · 19d ago on Sep 13, 2026· 57m 4s· 2 players
Game mode
Random Map
Map size
Tiny (2 player)
Population
200
Speed
Normal
Resources
Standard
Victory
Conquest
Starting age
Dark Age
Ending age
Imperial Age
RankedLock teamsTeams togetherTeam positionsShared explorationLock speedFull tech treeHidden civsTurbo modeCheats
Victory
Defeat
🇨🇱 Saracens · Chile
746
+15
🇿🇦 Teutons · South Africa
720
-15
1323nel
14:11 Feudal Age
12:30 Loom
15:01 Double-Bit Axe
14:59 Horse Collar
15:59 Wheelbarrow
16:25 Arson
16:01 Man-at-Arms
16:55 Forging
17:54 Scale Mail Armor
21:39 Castle Age
20:53 Gold Mining
21:10 Scale Mail Armor
22:54 Bow Saw
22:47 Heavy Plow
24:30 Hand Cart
24:34 Hand Cart
26:39 Stone Mining
31:57 Imperial Age
29:15 Town Watch
31:04 Masonry
31:15 Ballistics
30:55 Fletching
32:33 Bodkin Arrow
33:15 Iron Casting
32:56 Chain Mail Armor
32:48 Padded Archer Armor
34:41 Crenellations
34:39 Squires
34:25 Gambesons
34:01 Long Swordsman
34:01 Pikeman
35:22 Hoardings
35:09 Conscription
35:31 Crop Rotation
37:26 Ironclad
38:10 Town Patrol
39:23 Blast Furnace
38:54 Plate Mail Armor
38:30 Scale Barding Armor
39:46 Siege Engineers
40:42 Chemistry
39:28 Arrowslits
40:51 Two-Man Saw
43:37 Stone Shaft Mining
43:27 Chain Barding Armor
43:43 Two-Handed Swordsman
43:54 Capped Ram
49:34 Champion
51:13 Halberdier
54:28 Elite Teutonic Knight
ivAN0ViC
12:33 Feudal Age
13:14 Horse Collar
13:21 Double-Bit Axe
14:13 Wheelbarrow
13:36 Gold Mining
19:46 Castle Age
18:43 Stone Mining
22:24 Pikeman
23:04 Squires
26:21 Hand Cart
27:41 Bow Saw
29:43 Bimaristan
32:31 Gold Shaft Mining
32:28 Padded Archer Armor
32:19 Fletching
35:44 Imperial Age
35:33 Heavy Plow
35:53 Elite Mameluke
38:17 Chemistry
37:38 Ballistics
37:29 Fortified Wall
37:48 Elite Skirmisher
37:58 Onager
39:00 Scale Barding Armor
40:49 Two-Man Saw
40:07 Leather Archer Armor
40:04 Forging
40:48 Conscription
42:28 Chain Barding Armor
42:43 Iron Casting
42:39 Ring Archer Armor
42:25 Bodkin Arrow
42:34 Scale Mail Armor
42:48 Town Watch
42:51 Loom
44:59 Town Patrol
45:31 Siege Onager
48:12 Murder Holes
48:28 Masonry
48:33 Counterweights
Connection lost

Rejoining the realm…

Still unreachable

The connection could not be restored.

Session expired

The server has moved on; the page needs a fresh start.